Map: Deathaura LE

Players

Massa

  • Race: Terran Terran
  • League: Platinum
  • Spawn Location: 5:00

AzuAzu - Winner!

  • Race: Terran Terran
  • Spawn Location: 11:00

VOD

Have the link to the VOD?

Description

Time

  • Played on: Feb. 24, 2021, 5:27 p.m.
  • Length: 12:26
Show
View Real Time Build Order
Export as new Build Order

Massa Terran 

Build Orders: Reaper Expand 

Get SALT Encoding   

  12  0:00  SCV  
  13  0:12  SCV  
  14  0:18  Supply Depot  
  14  0:24  SCV  
  15  0:40  SCV  
  15  0:41  Barracks  
  16  0:47  Refinery  
  16  0:52  SCV  
  17  1:04  SCV  
  18  1:16  SCV  
  19  1:35  Orbital Command  
  19  1:40  Command Center  
  19  1:53  Reaper  
  20  1:56  Supply Depot  
  20  2:07  Factory  
  20  2:08  SCV  
  21  2:19  Supply Depot  
  21  2:21  SCV  
  22  2:27  Reaper  
  22  2:44  Barracks  
  21  2:52  Orbital Command  
  21  2:53  SCV  
  22  3:14  SCV  
  22  3:18  Barracks Reactor  
  23  3:23  SCV  
  23  3:26  SCV  
  25  3:31  Starport  
  25  3:35  SCV  
  25  4:19  Barracks Tech Lab, SCV  
  25  4:20  SCV  
  25  4:21  Hellion x2  
  25  4:23  Marine  
  25  4:24  Starport Tech Lab  
  32  4:29  Refinery  
  32  4:31  SCV  
  32  4:34  Engineering Bay  
  33  4:38  Command Center  
  33  4:40  Marine  
  33  4:42  Barracks, Hellion  
  33  4:43  Hellion  
  38  4:48  Banshee  
  38  4:51  Cloaking Field  
  41  4:55  SCV x2  
  45  5:07  SCV x2  
  45  5:11  Hellion x2  
  45  5:13  Marauder  
  51  5:31  Marine  
  47  5:49  Marine  
  48  5:50  Missile Turret  
  48  5:54  Raven  
  50  6:00  Hellion x2  
  54  6:10  SCV  
  54  6:11  SCV  
  56  6:12  Refinery x2  
  56  6:16  SCV  
  57  6:23  SCV x2  
  59  6:29  SCV  
  51  6:57  Banshee  
  51  6:59  SCV x3  
  55  7:09  Missile Turret  
  55  7:13  Missile Turret  
  55  7:16  Marine, Missile Turret  
  55  7:17  Marauder, Missile Turret  
  55  7:18  Barracks Reactor  
  55  7:20  Widow Mine x2  
  55  7:22  Missile Turret  
  62  7:24  SCV x2  
  64  7:32  Planetary Fortress  
  64  7:33  Barracks x2  
  64  7:34  Barracks  
  64  7:36  SCV x2  
  66  7:38  Marauder  
  66  7:40  Stimpack  
  66  7:44  Barracks Tech Lab  
  68  7:48  SCV  
  69  7:59  Corvid Reactor  
  69  8:00  Supply Depot  
  69  8:01  Supply Depot x2  
  69  8:21  SCV x2, Marine x2  
  69  8:22  Marauder x2, Medivac  
  69  8:23  Widow Mine x2  
  69  8:26  Supply Depot  
  83  8:27  Supply Depot  
  83  8:34  SCV x2  
  85  8:39  Marine x2  
  87  8:43  Marauder  
  67  9:01  SCV x3  
  70  9:05  Medivac  
  70  9:06  Factory Tech Lab  
  70  9:07  Barracks  
  72  9:13  SCV x3  
  72  9:14  Refinery  
  72  9:15  Refinery, Barracks Tech Lab x2, Barracks Reactor  
  79  9:17  Marauder x2, Marine x2  
  81  9:24  Supply Depot x2  
  81  9:25  SCV x2, Supply Depot  
  81  9:26  Supply Depot  
  81  9:27  Terran Infantry Weapons Level 1  
  81  9:29  Supply Depot  
  81  9:30  Armory  
  83  9:33  Engineering Bay  
  83  9:35  Marine x2  
  87  9:38  Marauder  
  87  9:39  Sensor Tower  
  87  9:49  Sensor Tower, Supply Depot  
  87  9:51  Sensor Tower  
  87  9:52  Supply Depot  
  87  9:53  SCV x2  
  87  9:54  SCV  
  87  9:59  Command Center  
  90  10:05  SCV  
  90  10:06  SCV x2  
  81  10:25  Marauder  
  81  10:26  Marauder x2, Marine x4  
  81  10:27  Factory  
  88  10:43  Marine  
  88  10:44  Marine x3  
  88  10:47  Marauder, Marine x2  
  88  10:49  Raven  
  98  11:01  Marine  
  98  11:02  Marine x3  
  102  11:04  Marine x2, Combat Shield  
  102  11:05  Concussive Shells  
  102  11:08  Marine  
  94  11:19  Marine x2  
  94  11:20  Marine x2  
  94  11:23  Marauder x2  
  90  11:26  Marauder  
  90  11:32  Raven  
  68  11:37  Marine x2  
  59  11:44  Marauder x2  
  58  11:51  Marine  
  48  11:54  Marine  
  48  11:55  Marine  
  48  11:59  SCV  
  53  12:11  SCV  
Show
View Real Time Build Order
Export as new Build Order

AzuAzu Terran - Winner!

Build Orders:  

Get SALT Encoding   

  12  0:00  SCV  
  13  0:12  SCV  
  14  0:21  Supply Depot  
  14  0:24  SCV  
  15  0:43  SCV  
  15  0:44  Barracks  
  16  0:52  Refinery  
  16  0:55  Refinery, SCV  
  17  1:07  SCV  
  18  1:19  SCV  
  19  1:31  Reaper  
  21  1:34  Orbital Command  
  20  1:47  Factory  
  20  1:53  Supply Depot  
  20  1:59  SCV  
  21  2:11  Barracks Reactor  
  21  2:13  SCV  
  22  2:25  SCV  
  22  2:27  Command Center  
  23  2:43  Starport  
  23  2:56  SCV  
  23  2:57  Marine  
  25  2:59  Hellion  
  27  3:09  SCV  
  27  3:11  Hellion  
  29  3:15  Marine  
  30  3:21  SCV  
  31  3:30  Supply Depot  
  31  3:39  Hellion x2, Medivac  
  37  3:49  Orbital Command  
  37  4:01  Hellion  
  39  4:04  SCV  
  39  4:06  Hellion  
  41  4:16  SCV  
  42  4:20  SCV  
  42  4:23  Barracks Reactor  
  43  4:27  Starport Reactor  
  43  4:28  SCV  
  43  4:29  Barracks  
  44  4:33  SCV  
  45  4:40  SCV  
  45  4:45  SCV  
  47  4:52  Refinery, SCV  
  48  4:57  SCV  
  49  5:01  Supply Depot  
  49  5:02  Factory Tech Lab  
  49  5:04  SCV, Engineering Bay  
  50  5:09  SCV  
  50  5:13  Command Center  
  51  5:16  SCV  
  51  5:29  Engineering Bay  
  47  5:41  Marine  
  47  5:42  Barracks Tech Lab, Marine  
  49  5:50  Barracks, Viking x2  
  49  5:51  Siege Tank  
  49  5:53  SCV x2  
  54  6:00  Refinery  
  54  6:03  Barracks  
  54  6:05  Barracks  
  54  6:09  Marine x3  
  54  6:11  Stimpack  
  57  6:17  SCV  
  57  6:18  SCV  
  59  6:27  Marine  
  59  6:30  SCV x2  
  61  6:34  Marine x2  
  61  6:42  SCV x2  
  61  6:45  Marine  
  61  6:46  Viking  
  60  6:50  Marine x2  
  60  6:51  Marine  
  60  6:52  Marine  
  60  6:54  SCV x2  
  62  7:00  Barracks Tech Lab  
  62  7:02  Marine  
  62  7:05  Barracks Reactor  
  62  7:07  Marine x2  
  65  7:09  Marine x2  
  65  7:10  Terran Infantry Armor Level 1  
  67  7:20  Marine  
  67  7:21  Terran Infantry Weapons Level 1  
  68  7:25  Orbital Command, Marine x2  
  68  7:27  SCV  
  68  7:28  SCV  
  72  7:35  Siege Tank  
  75  7:37  Viking  
  75  7:43  Supply Depot  
  77  7:50  Combat Shield  
  77  7:52  Supply Depot  
  77  7:55  Supply Depot  
  77  7:57  Armory  
  77  8:05  SCV x3  
  80  8:11  Missile Turret  
  80  8:16  Supply Depot  
  80  8:17  SCV x3, Missile Turret  
  83  8:20  Sensor Tower, Marine x3  
  83  8:21  Concussive Shells  
  83  8:23  Marauder x2, Marine x2  
  83  8:24  Marine  
  83  8:26  Siege Tank  
  96  8:28  Viking  
  96  8:29  SCV x3  
  100  8:41  SCV x3  
  100  8:44  Missile Turret  
  89  8:56  Medivac  
  89  8:57  Marine x4  
  89  8:58  Marine x4, Medivac  
  89  8:59  Siege Tank  
  104  9:04  Missile Turret  
  104  9:06  Refinery x2  
  104  9:15  Marine x5  
  104  9:16  Barracks Tech Lab  
  109  9:19  Terran Vehicle Weapons Level 1  
  109  9:24  Supply Depot  
  109  9:35  Command Center  
  109  9:37  Supply Depot  
  109  9:45  Marine x5  
  109  9:46  Siege Tank  
  109  9:49  Supply Depot  
  117  9:57  Marauder, Marine x2, Medivac  
  123  10:00  Supply Depot  
  123  10:03  Marine x5  
  125  10:15  Marine x2  
  125  10:19  Marauder  
  125  10:21  Marine x4  
  133  10:39  Marine x2  
  133  10:40  Marine x4  
  133  10:41  Marauder x2, Medivac  
  133  10:42  Medivac, Siege Tank  
  150  10:57  Marine x3  
  153  11:11  Viking  
  153  11:12  Viking  
  153  11:14  Siege Tank  
  152  11:38  Marine x2  
  152  11:39  Marine x6  
  158  11:41  Medivac  
  158  11:42  Medivac  
  158  11:47  Orbital Command, Siege Tank  
  163  11:49  SCV x2  
  162  11:56  Marine x4  
  162  11:57  Marine  
Tags
 
League
Platinum
Matchup
TvT
Race
Terran
Replay Pack
Multiplayer
Spawn Locations
Cross Positions
Add a new tag
Caveats
  • Supply blocks, unpowered buildings, or Contaminate may cause inaccurate times.
  • Supply counts are checked every 10 seconds.